TOP OF THE 1ST |
Blueville 83's batting - Pitching for Memphis Redbirds : RHP Ray Johnston
|
Pitching: RHP Ray Johnston
|
|
Batting: SHB Joe Emery
|
0-0: Ball 1-0: Ball 2-0: Ball 3-0: Called Strike 3-1: Base on Balls
|
Batting: RHB Jorge Márquez
|
0-0: Called Strike 0-1: Grounds into double play, 6-4-3 (Groundball, 6)
|
Batting: RHB Vicente Valentín
|
0-0: Foul Ball, location: 2F 0-1: Ball 1-1: Called Strike 1-2: Ball 2-2: Fly out, F3 (Popup, 34)
|
Top of the 1st over - 0 runs, 0 hits, 0 errors, 0 left on base; Blueville 0 - Memphis 0 |
BOTTOM OF THE 1ST |
Memphis Redbirds batting - Pitching for Blueville 83's : LHP José Zamora
|
Pitching: LHP José Zamora
|
|
Batting: LHB John Lynch
|
0-0: Ball 1-0: SINGLE (Groundball, 34) (infield hit)
|
Batting: RHB Dave Boom
|
0-0: Fly out, F8 (Flyball, 8LD)
|
Batting: LHB Richard Hinkle
|
0-0: Ball 1-0: Fly out, F8 (Flyball, 8LM)
|
Batting: SHB Javier Peña
|
0-0: Ball 1-0: Foul Ball, location: 2F 1-1: Foul Ball, location: 2F 1-2: Ball 2-2: SINGLE (Groundball, 34S) (infield hit) John Lynch to second
|
Batting: RHB Will Sterling
|
0-0: Ball 1-0: Ball 2-0: Ball 3-0: Called Strike 3-1: Fielders Choice at 2nd, 5-4 (Groundball, 5)
|
Bottom of the 1st over - 0 runs, 2 hits, 0 errors, 2 left on base; Blueville 0 - Memphis 0 |
TOP OF THE 2ND |
Blueville 83's batting - Pitching for Memphis Redbirds : RHP Ray Johnston
|
Batting: SHB Bob Noble
|
0-0: DOUBLE (Groundball, 3L)
|
Batting: LHB Lorenzo Villa
|
0-0: Foul Ball, location: 2F 0-1: Ball 1-1: Foul Ball, location: 2F 1-2: Foul Ball, location: 2F 1-2: Ball 2-2: Ball 3-2: Foul Ball, location: 2F 3-2: Base on Balls
|
Batting: LHB Bob Martin
|
0-0: 3-RUN HOME RUN (Flyball, 7LD) (Inside the Park)
|
Batting: RHB Lorenzo Guzmán
|
0-0: Called Strike 0-1: Called Strike 0-2: Foul Ball, location: 2F 0-2: Ball 1-2: Strikes out swinging
|
Batting: LHB Keith Tillman
|
0-0: SOLO HOME RUN (Line Drive, 9D), Distance : 367 ft
|
Batting: LHB Pepe González
|
0-0: Ball 1-0: Ball 2-0: Called Strike 2-1: Swinging Strike 2-2: Fly out, F4 (Flyball, 4D)
|
Batting: SHB Joe Emery
|
0-0: Ball 1-0: Ball 2-0: Foul Ball, location: 2F 2-1: Ball 3-1: Ground out 1-3 (Groundball, 13S)
|
Top of the 2nd over - 4 runs, 3 hits, 0 errors, 0 left on base; Blueville 4 - Memphis 0 |
BOTTOM OF THE 2ND |
Memphis Redbirds batting - Pitching for Blueville 83's : LHP José Zamora
|
Batting: LHB Al Miller
|
0-0: Foul Ball, location: 2F 0-1: SINGLE (Groundball, 56) (infield hit)
|
Batting: RHB Rusty Bennett
|
0-0: Ball 1-0: Called Strike 1-1: Called Strike 1-2: Strikes out swinging
|
Batting: RHB Dave Henderson
|
0-0: Called Strike 0-1: Called Strike 0-2: Grounds into double play, 5-4-3 (Groundball, 56)
|
Bottom of the 2nd over - 0 runs, 1 hit, 0 errors, 0 left on base; Blueville 4 - Memphis 0 |
TOP OF THE 3RD |
Blueville 83's batting - Pitching for Memphis Redbirds : RHP Ray Johnston
|
Batting: RHB Jorge Márquez
|
0-0: Ground out 6-3 (Groundball, 6)
|
Batting: RHB Vicente Valentín
|
0-0: Ball 1-0: Called Strike 1-1: Swinging Strike 1-2: Ball 2-2: Strikes out swinging
|
Batting: SHB Bob Noble
|
0-0: Ball 1-0: Swinging Strike 1-1: Ball 2-1: Fly out, F7 (Flyball, 7S)
|
Top of the 3rd over - 0 runs, 0 hits, 0 errors, 0 left on base; Blueville 4 - Memphis 0 |
BOTTOM OF THE 3RD |
Memphis Redbirds batting - Pitching for Blueville 83's : LHP José Zamora
|
Batting: SHB Wayne Matthews
|
0-0: Ball 1-0: Called Strike 1-1: Ground out 5-3 (Groundball, 56)
|
Batting: LHB John Lynch
|
0-0: Called Strike 0-1: Ball 1-1: Ball 2-1: Ball 3-1: Base on Balls
|
Batting: RHB Dave Boom
|
0-0: Foul Ball, location: 2F 0-1: Called Strike 0-2: Strikes out swinging
|
Batting: LHB Richard Hinkle
|
0-0: Called Strike 0-1: Ball 1-1: Ball 2-1: Foul Ball, location: 2F 2-2: Foul Ball, location: 2F 2-2: Foul Ball, location: 2F 2-2: Ball 3-2: Ground out U3 (Groundball, 34S)
|
Bottom of the 3rd over - 0 runs, 0 hits, 0 errors, 1 left on base; Blueville 4 - Memphis 0 |
TOP OF THE 4TH |
Blueville 83's batting - Pitching for Memphis Redbirds : RHP Ray Johnston
|
Batting: LHB Lorenzo Villa
|
0-0: Foul Ball, location: 2F 0-1: Ball 1-1: Ball 2-1: Foul Ball, location: 2F 2-2: Ball 3-2: Ground out 4-3 (Groundball, 4)
|
Batting: LHB Bob Martin
|
0-0: Called Strike 0-1: Ball 1-1: Ball 2-1: SOLO HOME RUN (Flyball, 7LD) (Inside the Park)
|
Batting: RHB Lorenzo Guzmán
|
0-0: Called Strike 0-1: Ball 1-1: Foul Ball, location: 2F 1-2: Ball 2-2: Strikes out swinging
|
Batting: LHB Keith Tillman
|
0-0: Ball 1-0: Ground out 4-3 (Groundball, 4)
|
Top of the 4th over - 1 run, 1 hit, 0 errors, 0 left on base; Blueville 5 - Memphis 0 |
BOTTOM OF THE 4TH |
Memphis Redbirds batting - Pitching for Blueville 83's : LHP José Zamora
|
Batting: SHB Javier Peña
|
0-0: Called Strike 0-1: Swinging Strike 0-2: Foul Ball, location: 2F 0-2: Strikes out swinging
|
Batting: RHB Will Sterling
|
0-0: Called Strike 0-1: Swinging Strike 0-2: Foul Ball, location: 2F 0-2: Ball 1-2: Foul Ball, location: 2F 1-2: Ground out 5-3 (Groundball, 56)
|
Batting: LHB Al Miller
|
0-0: Ball 1-0: Ball 2-0: Fly out, F3 (Popup, 3S)
|
Bottom of the 4th over - 0 runs, 0 hits, 0 errors, 0 left on base; Blueville 5 - Memphis 0 |
TOP OF THE 5TH |
Blueville 83's batting - Pitching for Memphis Redbirds : RHP Ray Johnston
|
Batting: LHB Pepe González
|
0-0: Fly out, F7 (Flyball, 7D)
|
Batting: SHB Joe Emery
|
0-0: Ball 1-0: Called Strike 1-1: Foul Ball, location: 2F 1-2: Foul Ball, location: 2F 1-2: SOLO HOME RUN (Line Drive, 9LD), Distance : 322 ft
|
Batting: RHB Jorge Márquez
|
0-0: Fly out, F6 (Line Drive, 6)
|
Batting: RHB Vicente Valentín
|
0-0: Ground out 5-3 (Groundball, 56)
|
Top of the 5th over - 1 run, 1 hit, 0 errors, 0 left on base; Blueville 6 - Memphis 0 |
BOTTOM OF THE 5TH |
Memphis Redbirds batting - Pitching for Blueville 83's : LHP José Zamora
|
Batting: RHB Rusty Bennett
|
0-0: Fly out, F8 (Flyball, 8RXD)
|
Batting: RHB Dave Henderson
|
0-0: Called Strike 0-1: Foul Ball, location: 2F 0-2: Ball 1-2: Strikes out swinging
|
Batting: SHB Wayne Matthews
|
0-0: Called Strike 0-1: Foul Ball, location: 2F 0-2: Ball 1-2: Fly out, F6 (Line Drive, 6)
|
Bottom of the 5th over - 0 runs, 0 hits, 0 errors, 0 left on base; Blueville 6 - Memphis 0 |
TOP OF THE 6TH |
Blueville 83's batting - Pitching for Memphis Redbirds : RHP Ray Johnston
|
Pitching: LHP Tony Rivera
|
|
Batting: SHB Bob Noble
|
0-0: Ball 1-0: Fly out, F7 (Flyball, 78S)
|
Batting: LHB Lorenzo Villa
|
0-0: Called Strike 0-1: Ball 1-1: Foul Ball, location: 2F 1-2: Fly out, F2 (Popup, 25F)
|
Batting: LHB Bob Martin
|
0-0: Foul Ball, location: 2F 0-1: Ball 1-1: Fly out, F6 (Popup, 6)
|
Top of the 6th over - 0 runs, 0 hits, 0 errors, 0 left on base; Blueville 6 - Memphis 0 |
BOTTOM OF THE 6TH |
Memphis Redbirds batting - Pitching for Blueville 83's : LHP José Zamora
|
Batting: LHB John Lynch
|
0-0: Ball 1-0: Called Strike 1-1: Ground out 4-3 (Groundball, 4)
|
Batting: RHB Dave Boom
|
0-0: Ball 1-0: Foul Ball, location: 2F 1-1: Ball 2-1: Ball 3-1: Swinging Strike 3-2: Strikes out swinging
|
Batting: LHB Richard Hinkle
|
0-0: Ball 1-0: Called Strike 1-1: Called Strike 1-2: SINGLE (Line Drive, 8RS)
|
Batting: SHB Javier Peña
|
0-0: Ball 1-0: Called Strike 1-1: Called Strike 1-2: Ball 2-2: Ball 3-2: Ground out 5-3 (Groundball, 56)
|
Bottom of the 6th over - 0 runs, 1 hit, 0 errors, 1 left on base; Blueville 6 - Memphis 0 |
TOP OF THE 7TH |
Blueville 83's batting - Pitching for Memphis Redbirds : LHP Tony Rivera
|
Batting: RHB Lorenzo Guzmán
|
0-0: Swinging Strike 0-1: Ball 1-1: Swinging Strike 1-2: Ball 2-2: Foul Ball, location: 2F 2-2: Ground out U3 (Groundball, 34)
|
Batting: LHB Keith Tillman
|
0-0: Called Strike 0-1: Ball 1-1: Ball 2-1: Foul Ball, location: 2F 2-2: DOUBLE (Line Drive, 89M)
|
Batting: LHB Pepe González
|
0-0: Fly out, F6 (Popup, 6MS)
|
Batting: SHB Joe Emery
|
0-0: Fly out, F7 (Flyball, 7S)
|
Top of the 7th over - 0 runs, 1 hit, 0 errors, 1 left on base; Blueville 6 - Memphis 0 |
BOTTOM OF THE 7TH |
Memphis Redbirds batting - Pitching for Blueville 83's : LHP José Zamora
|
Batting: RHB Will Sterling
|
0-0: Ground out 4-3 (Groundball, 4D)
|
Batting: LHB Al Miller
|
0-0: Called Strike 0-1: SINGLE (Groundball, 25) (infield hit)
|
Batting: RHB Rusty Bennett
|
0-0: Ball 1-0: Called Strike 1-1: Fielders Choice at 2nd, 6-4 (Groundball, 6)
|
Batting: RHB Dave Henderson
|
0-0: Ground out 5-3 (Groundball, 56)
|
Bottom of the 7th over - 0 runs, 1 hit, 0 errors, 1 left on base; Blueville 6 - Memphis 0 |
TOP OF THE 8TH |
Blueville 83's batting - Pitching for Memphis Redbirds : LHP Tony Rivera
|
Batting: RHB Jorge Márquez
|
0-0: Ground out 5-3 (Groundball, 56)
|
Batting: RHB Vicente Valentín
|
0-0: Foul Ball, location: 2F 0-1: Ground out 5-3 (Groundball, 56S)
|
Batting: SHB Bob Noble
|
0-0: Ball 1-0: Called Strike 1-1: Ground out 6-3 (Groundball, 6)
|
Top of the 8th over - 0 runs, 0 hits, 0 errors, 0 left on base; Blueville 6 - Memphis 0 |
BOTTOM OF THE 8TH |
Memphis Redbirds batting - Pitching for Blueville 83's : LHP José Zamora
|
Batting: SHB Wayne Matthews
|
0-0: Fly out, F9 (Flyball, 9D)
|
Batting: LHB John Lynch
|
0-0: Called Strike 0-1: Swinging Strike 0-2: SINGLE (Groundball, 34D)
|
Batting: RHB Dave Boom
|
0-0: Called Strike 0-1: Ball 1-1: Foul Ball, location: 2F 1-2: Ball 2-2: Foul Ball, location: 2F 2-2: Ball 3-2: Foul Ball, location: 2F 3-2: Ground out 1-3 (Groundball, 15S) John Lynch to second
|
Batting: LHB Richard Hinkle
|
0-0: Called Strike 0-1: Ground out U3 (Groundball, 3)
|
Bottom of the 8th over - 0 runs, 1 hit, 0 errors, 1 left on base; Blueville 6 - Memphis 0 |
TOP OF THE 9TH |
Blueville 83's batting - Pitching for Memphis Redbirds : LHP Tony Rivera
|
Pitching: RHP Álex Villegas
|
|
Batting: LHB Lorenzo Villa
|
0-0: Fly out, F8 (Flyball, 8LD)
|
Batting: LHB Bob Martin
|
0-0: Foul Ball, location: 2F 0-1: Called Strike 0-2: Foul Ball, location: 2F 0-2: Ball 1-2: SINGLE (Line Drive, 6M)
|
Batting: RHB Lorenzo Guzmán
|
0-0: Swinging Strike 0-1: Ball 1-1: Swinging Strike 1-2: Ball 2-2: Foul Ball, location: 2F 2-2: Strikes out swinging
|
Batting: LHB Keith Tillman
|
0-0: Ball 1-0: Ball 2-0: Ball 3-0: Called Strike 3-1: Ground out U3 (Groundball, 3)
|
Top of the 9th over - 0 runs, 1 hit, 0 errors, 1 left on base; Blueville 6 - Memphis 0 |
BOTTOM OF THE 9TH |
Memphis Redbirds batting - Pitching for Blueville 83's : LHP José Zamora
|
Batting: SHB Javier Peña
|
0-0: Ball 1-0: Called Strike 1-1: Ball 2-1: Ground out 5-3 (Groundball, 56)
|
Batting: RHB Will Sterling
|
0-0: Fly out, F4 (Line Drive, 4)
|
Batting: LHB Al Miller
|
0-0: Ball 1-0: Ball 2-0: Ball 3-0: Called Strike 3-1: Called Strike 3-2: Foul Ball, location: 2F 3-2: Fly out, F7 (Flyball, 78M)
|
Bottom of the 9th over - 0 runs, 0 hits, 0 errors, 0 left on base; Blueville 6 - Memphis 0 |
|